| TOP OF THE 1ST |
|
New Jersey Devils batting - Pitching for Brockton Rox : RHP Seb Lightfoot
|
|
Pitching: RHP Seb Lightfoot
|
|
|
Batting: RHB Sam Callahan
|
0-0: Ball 1-0: Ball 2-0: Called Strike 2-1: Foul Ball, location: 2F 2-2: Strikes out swinging
|
|
Batting: RHB Eric Zylstra
|
0-0: Called Strike 0-1: SINGLE (Flyball, 8LS, EV 95.0 MPH)
|
|
Batting: RHB Nate Henderson
|
0-0: Called Strike 0-1: Ball 1-1: SINGLE (Groundball, 6D, EV 101.2 MPH) Eric Zylstra to second
|
|
Batting: RHB Bill Crogan
|
0-0: Swinging Strike 0-1: Foul Ball, location: 2F 0-2: Ball 1-2: Strikes out looking
|
|
Batting: RHB Juan Medina
|
0-0: Foul Ball, location: 2F 0-1: Ball 1-1: Ball 2-1: Called Strike 2-2: Foul Ball, location: 2F 2-2: Foul Ball, location: 2F 2-2: Ball 3-2: Strikes out looking
|
| Top of the 1st over - 0 runs, 2 hits, 0 errors, 2 left on base; New Jersey 0 - Brockton 0 |
| BOTTOM OF THE 1ST |
|
Brockton Rox batting - Pitching for New Jersey Devils : RHP Frank Emery
|
|
Pitching: RHP Frank Emery
|
|
|
Batting: RHB Roger Mitchell
|
0-0: Ball 1-0: Ball 2-0: Ball 3-0: Called Strike 3-1: Called Strike 3-2: Base on Balls
|
|
Batting: LHB Kien-lung Zou
|
0-0: Ball Wild Pitch! Roger Mitchell to second 1-0: Ball 2-0: Foul Ball, location: 2F 2-1: Swinging Strike 2-2: Strikes out swinging
|
|
Batting: LHB Robert Gonzalez
|
0-0: Ball 1-0: DOUBLE (Groundball, 5L, EV 110.0 MPH) Roger Mitchell scores
|
|
Batting: RHB Willie Camacho
|
0-0: Ball 1-0: Swinging Strike 1-1: Ball 2-1: Swinging Strike 2-2: Foul Ball, location: 2F 2-2: Strikes out swinging
|
|
Batting: RHB Panam Palmer
|
0-0: Ball 1-0: Ground out 6-3 (Groundball, 6, EV 83.8 MPH)
|
| Bottom of the 1st over - 1 run, 1 hit, 0 errors, 1 left on base; New Jersey 0 - Brockton 1 |
| TOP OF THE 2ND |
|
New Jersey Devils batting - Pitching for Brockton Rox : RHP Seb Lightfoot
|
|
Batting: LHB Brad Guffin
|
0-0: Ball 1-0: Called Strike 1-1: Foul Ball, location: 2F 1-2: Strikes out swinging
|
|
Batting: RHB Dan Mathews
|
0-0: Reached on error, E6 (Groundball, 6S, EV 86.9 MPH)
|
|
Batting: RHB Justin Williams
|
0-0: Ground out 6-3 (Groundball, 6S, EV 76.9 MPH)
|
|
Batting: RHB Emanuel Anochondo
|
0-0: Called Strike 0-1: Ball 1-1: Called Strike 1-2: Strikes out swinging
|
| Top of the 2nd over - 0 runs, 0 hits, 1 error, 1 left on base; New Jersey 0 - Brockton 1 |
| BOTTOM OF THE 2ND |
|
Brockton Rox batting - Pitching for New Jersey Devils : RHP Frank Emery
|
|
Batting: SHB Arihito Hiramoto
|
0-0: Foul Ball, location: 2F 0-1: Ball 1-1: DOUBLE (Flyball, 8LD, EV 90.6 MPH)
|
|
Batting: LHB Kenny Jackson
|
0-0: Ball 1-0: Ball 2-0: Ground out 6-3 (Groundball, 6M, EV 106.9 MPH) Arihito Hiramoto to third
|
|
Batting: RHB Estevan Carrillo
|
0-0: Called Strike 0-1: Called Strike 0-2: Foul Ball, location: 2F 0-2: Ball 1-2: SINGLE (Line Drive, 4D, EV 96.2 MPH) Arihito Hiramoto scores
|
|
Batting: LHB Isaiah Spitzbarth
|
0-0: Ball 1-0: Ball 2-0: Foul Ball, location: 2F 2-1: Fly out, F9 (Flyball, 9LSF, EV 87.5 MPH)
|
|
Batting: RHB Roger Mitchell
|
0-0: Ball 1-0: Foul Ball, location: 2F 1-1: Ball Estevan Carrillo steals 2nd base 2-1: Foul Ball, location: 2F 2-2: Strikes out looking
|
| Bottom of the 2nd over - 1 run, 2 hits, 0 errors, 1 left on base; New Jersey 0 - Brockton 2 |
| TOP OF THE 3RD |
|
New Jersey Devils batting - Pitching for Brockton Rox : RHP Seb Lightfoot
|
|
Batting: RHB Sam Callahan
|
0-0: Swinging Strike 0-1: Foul Ball, location: 2F 0-2: Strikes out swinging
|
|
Batting: RHB Eric Zylstra
|
0-0: Ball 1-0: Ground out 6-3 (Groundball, 6, EV 80.6 MPH)
|
|
Batting: RHB Nate Henderson
|
0-0: Ball 1-0: Hit by Pitch
|
|
Batting: RHB Bill Crogan
|
0-0: Ball 1-0: Swinging Strike 1-1: Ball 2-1: Foul Ball, location: 2F 2-2: 2-RUN HOME RUN (Flyball, 7LD, EV 91.2 MPH), Distance : 353 ft
|
|
Batting: RHB Juan Medina
|
0-0: Hit by Pitch
|
|
Batting: LHB Brad Guffin
|
0-0: Fly out, F9 (Flyball, 89M, EV 90.0 MPH)
|
| Top of the 3rd over - 2 runs, 1 hit, 0 errors, 1 left on base; New Jersey 2 - Brockton 2 |
| BOTTOM OF THE 3RD |
|
Brockton Rox batting - Pitching for New Jersey Devils : RHP Frank Emery
|
|
Batting: LHB Kien-lung Zou
|
0-0: Called Strike 0-1: Foul Ball, location: 2F 0-2: Ball 1-2: Ball 2-2: Strikes out swinging
|
|
Batting: LHB Robert Gonzalez
|
0-0: Ball 1-0: Foul Ball, location: 2F 1-1: Foul Ball, location: 2F 1-2: SOLO HOME RUN (Flyball, 9D, EV 100.6 MPH), Distance : 390 ft
|
|
Batting: RHB Willie Camacho
|
0-0: Ball 1-0: Called Strike 1-1: Ball 2-1: Ball 3-1: Base on Balls
|
|
Batting: RHB Panam Palmer
|
0-0: Foul Ball, location: 2F 0-1: Called Strike 0-2: Foul Ball, location: 2F 0-2: Ball 1-2: Ball 2-2: Ball 3-2: Foul Ball, location: 2F 3-2: Strikes out swinging
|
|
Batting: SHB Arihito Hiramoto
|
0-0: Ball 1-0: Ball 2-0: Ball 3-0: Base on Balls Willie Camacho to second
|
|
Batting: LHB Kenny Jackson
|
0-0: Ball 1-0: Swinging Strike 1-1: SINGLE (Flyball, 5D, EV 86.2 MPH) Willie Camacho to third Arihito Hiramoto to second Runner from 3rd tries for Home, SAFE, throw by LF to home
|
|
Batting: RHB Estevan Carrillo
|
0-0: Ball 1-0: Fly out, F7 (Line Drive, 7, EV 96.2 MPH)
|
| Bottom of the 3rd over - 2 runs, 2 hits, 0 errors, 2 left on base; New Jersey 2 - Brockton 4 |
| TOP OF THE 4TH |
|
New Jersey Devils batting - Pitching for Brockton Rox : RHP Seb Lightfoot
|
|
Batting: RHB Dan Mathews
|
0-0: SINGLE (Line Drive, 6MD, EV 98.1 MPH)
|
|
Batting: RHB Justin Williams
|
0-0: Ball 1-0: Ball 2-0: Foul Ball, location: 2F 2-1: Foul Ball, location: 2F 2-2: Foul Ball, location: 2F 2-2: Strikes out swinging
|
|
Batting: RHB Emanuel Anochondo
|
0-0: Sac Bunt to 2L - play at first, batter OUT! 2-3 Dan Mathews to second
|
|
Batting: RHB Sam Callahan
|
0-0: Foul Ball, location: 2F 0-1: Foul Ball, location: 2F 0-2: Foul Ball, location: 2F 0-2: Foul Ball, location: 2F 0-2: Ball 1-2: Ball 2-2: Ball 3-2: Ground out U3 (Groundball, 34, EV 91.2 MPH)
|
| Top of the 4th over - 0 runs, 1 hit, 0 errors, 1 left on base; New Jersey 2 - Brockton 4 |
| BOTTOM OF THE 4TH |
|
Brockton Rox batting - Pitching for New Jersey Devils : RHP Frank Emery
|
|
Batting: LHB Isaiah Spitzbarth
|
0-0: Called Strike 0-1: Ball 1-1: Ball 2-1: Ball 3-1: Ground out 6-3 (Groundball, P, EV 85.6 MPH)
|
|
Batting: RHB Roger Mitchell
|
0-0: Ball 1-0: Fly out, F9 (Flyball, 9D, EV 93.1 MPH)
|
|
Batting: LHB Kien-lung Zou
|
0-0: Ball 1-0: Swinging Strike 1-1: Fly out, F9 (Flyball, 9, EV 89.4 MPH)
|
| Bottom of the 4th over - 0 runs, 0 hits, 0 errors, 0 left on base; New Jersey 2 - Brockton 4 |
| TOP OF THE 5TH |
|
New Jersey Devils batting - Pitching for Brockton Rox : RHP Seb Lightfoot
|
|
Batting: RHB Eric Zylstra
|
0-0: Ball 1-0: Ball 2-0: Foul Ball, location: 2F 2-1: Called Strike 2-2: Ground out 4-3 (Groundball, 4, EV 86.2 MPH)
|
|
Batting: RHB Nate Henderson
|
0-0: Ground out 4-3 (Groundball, 4, EV 85.6 MPH)
|
|
Batting: RHB Bill Crogan
|
0-0: Swinging Strike 0-1: Fly out, F8 (Flyball, 8LXD, EV 107.5 MPH)
|
| Top of the 5th over - 0 runs, 0 hits, 0 errors, 0 left on base; New Jersey 2 - Brockton 4 |
| BOTTOM OF THE 5TH |
|
Brockton Rox batting - Pitching for New Jersey Devils : RHP Frank Emery
|
|
Batting: LHB Robert Gonzalez
|
0-0: Ball 1-0: Ball 2-0: Ball 3-0: Base on Balls
|
|
Batting: RHB Willie Camacho
|
0-0: Foul Ball, location: 2F 0-1: Ball 1-1: Ball 2-1: Called Strike 2-2: Ball 3-2: Strikes out swinging
|
|
Batting: RHB Panam Palmer
|
0-0: Ball Wild Pitch! Robert Gonzalez to second 1-0: Foul Ball, location: 2F 1-1: 2-RUN HOME RUN (Flyball, 7LD, EV 92.5 MPH), Distance : 358 ft
|
|
Pitching: LHP Bryce Anderson
|
|
|
Batting: SHB Arihito Hiramoto
|
0-0: Ball 1-0: Ball 2-0: Ball 3-0: Called Strike 3-1: Base on Balls
|
|
Batting: LHB Kenny Jackson
|
0-0: Ball 1-0: Ball 2-0: Ball 3-0: Base on Balls Arihito Hiramoto to second
|
|
Batting: RHB Estevan Carrillo
|
0-0: Called Strike 0-1: Called Strike 0-2: Grounds into double play, 5-4-3 (Groundball, 56, EV 86.2 MPH)
|
| Bottom of the 5th over - 2 runs, 1 hit, 0 errors, 1 left on base; New Jersey 2 - Brockton 6 |
| TOP OF THE 6TH |
|
New Jersey Devils batting - Pitching for Brockton Rox : RHP Seb Lightfoot
|
|
Batting: RHB Juan Medina
|
0-0: Called Strike 0-1: Ball 1-1: Ball 2-1: Fly out, F5 (Popup, 5S, EV 89.4 MPH)
|
|
Batting: LHB Brad Guffin
|
0-0: Called Strike 0-1: Ball 1-1: Ball 2-1: Ball 3-1: Foul Ball, location: 2F 3-2: Strikes out swinging
|
|
Batting: RHB Dan Mathews
|
0-0: Ball 1-0: Called Strike 1-1: Ball 2-1: Called Strike 2-2: Foul Ball, location: 2F 2-2: Strikes out looking
|
| Top of the 6th over - 0 runs, 0 hits, 0 errors, 0 left on base; New Jersey 2 - Brockton 6 |
| BOTTOM OF THE 6TH |
|
Brockton Rox batting - Pitching for New Jersey Devils : LHP Bryce Anderson
|
|
Batting: RHB Kirk Cully
|
0-0: Called Strike 0-1: Fly out, F8 (Flyball, 8RXD, EV 79.4 MPH)
|
|
Batting: RHB Roger Mitchell
|
0-0: Foul Ball, location: 2F 0-1: Ball 1-1: Ball 2-1: Ball 3-1: Called Strike 3-2: Ground out 6-3 (Groundball, 6, EV 106.9 MPH)
|
|
Batting: LHB Kien-lung Zou
|
0-0: Ball 1-0: Called Strike 1-1: Ball 2-1: Ball 3-1: Base on Balls
|
|
Batting: LHB Robert Gonzalez
|
0-0: Ball 1-0: Ball 2-0: SINGLE (Groundball, 4S, EV 99.4 MPH) Kien-lung Zou to second Runner from 2nd tries for 3rd, SAFE, no throw by CF
|
|
Batting: RHB Willie Camacho
|
0-0: Foul Ball, location: 2F 0-1: Ball 1-1: Ball 2-1: Ball 3-1: Swinging Strike 3-2: Ground out U3 (Groundball, 3, EV 91.2 MPH)
|
| Bottom of the 6th over - 0 runs, 1 hit, 0 errors, 2 left on base; New Jersey 2 - Brockton 6 |
| TOP OF THE 7TH |
|
New Jersey Devils batting - Pitching for Brockton Rox : RHP Seb Lightfoot
|
|
Batting: RHB Justin Williams
|
0-0: Called Strike 0-1: Ball 1-1: Foul Ball, location: 2F 1-2: Foul Ball, location: 2F 1-2: Strikes out swinging, 2-3 out at first.
|
|
Batting: RHB Emanuel Anochondo
|
0-0: Ball 1-0: Ball 2-0: Ground out 6-3 (Groundball, P, EV 89.4 MPH)
|
|
Batting: RHB Sam Callahan
|
0-0: SINGLE (Groundball, 34, EV 104.4 MPH)
|
|
Batting: RHB Eric Zylstra
|
0-0: Foul Ball, location: 2F 0-1: Ball 1-1: Ball 2-1: Called Strike 2-2: Strikes out swinging
|
| Top of the 7th over - 0 runs, 1 hit, 0 errors, 1 left on base; New Jersey 2 - Brockton 6 |
| BOTTOM OF THE 7TH |
|
Brockton Rox batting - Pitching for New Jersey Devils : LHP Bryce Anderson
|
|
Pitching: LHP Jesus Espitia
|
|
|
Batting: RHB Panam Palmer
|
0-0: Ground out 6-3 (Groundball, 6M, EV 93.8 MPH)
|
|
Batting: SHB Arihito Hiramoto
|
0-0: Called Strike 0-1: Called Strike 0-2: Ball 1-2: Strikes out looking
|
|
Batting: LHB Kenny Jackson
|
0-0: Foul Ball, location: 2F 0-1: Ground out 6-3 (Groundball, 6, EV 83.1 MPH)
|
| Bottom of the 7th over - 0 runs, 0 hits, 0 errors, 0 left on base; New Jersey 2 - Brockton 6 |
| TOP OF THE 8TH |
|
New Jersey Devils batting - Pitching for Brockton Rox : RHP Seb Lightfoot
|
|
Batting: RHB Nate Henderson
|
0-0: Fly out, F8 (Flyball, 8RM, EV 85.0 MPH)
|
|
Batting: RHB Bill Crogan
|
0-0: Ball 1-0: Ground out 5-3 (Groundball, 56, EV 97.5 MPH)
|
|
Batting: RHB Juan Medina
|
0-0: Ball 1-0: Foul Ball, location: 2F 1-1: Foul Ball, location: 2F 1-2: Ball 2-2: SOLO HOME RUN (Flyball, 7LD, EV 97.5 MPH), Distance : 347 ft
|
|
Batting: LHB Brad Guffin
|
0-0: Called Strike 0-1: Swinging Strike 0-2: Ball 1-2: DOUBLE (Line Drive, 78D, EV 110.0 MPH)
|
|
Pitching: RHP Ross Ratcliffe
|
|
|
Batting: RHB Dan Mathews
|
0-0: DOUBLE (Flyball, 78D, EV 96.2 MPH) Brad Guffin scores
|
|
Batting: RHB Justin Williams
|
0-0: Foul Ball, location: 2F 0-1: Called Strike 0-2: Ball 1-2: Foul Ball, location: 2F 1-2: Strikes out swinging
|
| Top of the 8th over - 2 runs, 3 hits, 0 errors, 1 left on base; New Jersey 4 - Brockton 6 |
| BOTTOM OF THE 8TH |
|
Brockton Rox batting - Pitching for New Jersey Devils : LHP Jesus Espitia
|
|
Batting: RHB Estevan Carrillo
|
0-0: Ball 1-0: Ball 2-0: Ball 3-0: Called Strike 3-1: Fly out, F8 (Flyball, 8RD, EV 98.8 MPH)
|
|
Batting: RHB Kirk Cully
|
0-0: Ball 1-0: DOUBLE (Flyball, 9LD, EV 110.0 MPH)
|
|
Batting: RHB Roger Mitchell
|
0-0: Intentional Walk
|
|
Batting: LHB Kien-lung Zou
|
0-0: SINGLE (Groundball, 6M, EV 88.8 MPH) (infield hit) Kirk Cully to third Roger Mitchell to second
|
|
Batting: LHB Robert Gonzalez
|
0-0: Ball 1-0: Foul Ball, location: 2F 1-1: Foul Ball, location: 2F 1-2: Strikes out swinging
|
|
Batting: RHB Willie Camacho
|
0-0: Swinging Strike 0-1: Ball 1-1: Swinging Strike 1-2: Foul Ball, location: 2F 1-2: Ball 2-2: Ground out U3 (Groundball, 34S, EV 85.0 MPH)
|
| Bottom of the 8th over - 0 runs, 2 hits, 0 errors, 3 left on base; New Jersey 4 - Brockton 6 |
| TOP OF THE 9TH |
|
New Jersey Devils batting - Pitching for Brockton Rox : RHP Ross Ratcliffe
|
|
Pitching: RHP Nherbert Silivan
|
|
|
Batting: RHB Emanuel Anochondo
|
0-0: Swinging Strike 0-1: Ball 1-1: Swinging Strike 1-2: Ground out 5-3 (Groundball, 5, EV 82.5 MPH)
|
|
Batting: RHB Sam Callahan
|
0-0: SINGLE (Line Drive, 34, EV 95.0 MPH)
|
|
Batting: RHB Eric Zylstra
|
0-0: Grounds into double play, 4-6-3 (Groundball, 4, EV 98.8 MPH)
|
| Top of the 9th over - 0 runs, 1 hit, 0 errors, 0 left on base; New Jersey 4 - Brockton 6 |
|